 Dungeon Sprint DCSS version 0.24.0-35-gdb84b6a5db (webtiles) character file.

Game seed: 9750600879205637313, levelgen mode: deterministic

22 Groucho the Shield-Bearer (level 2, -7/20 HPs)
             Began as a Gargoyle Fighter on Nov 20, 2019.
             Was a Priest of Cheibriados.
             Mangled by Blork the orc
             ... wielding a cursed +0 glaive
              (9 damage)
             ... in the Dungeon (Sprint VII: "The Pits").
             The game lasted 00:01:27 (395 turns).

Groucho the Shield-Bearer (Gargoyle Fighter)         Turns: 395, Time: 00:01:28

Health: -7/20      AC: 10    Str: 26    XL:     2   Next: 91%
Magic:  2/2        EV:  7    Int: 15    God:    Cheibriados [***...]
Gold:   0          SH: 11    Dex: 16    Spells: 1/1 levels left

rFire    . . .     SeeInvis .   q - +2 hand axe
rCold    . . .     Gourm    .   c - +0 shield
rNeg     + . .     Faith    .   b - +0 scale mail
rPois    ∞         Spirit   .   (no helmet)
rElec    +         Reflect  .   (no cloak)
rCorr    .         Harm     .   (no gloves)
MR       .....     NoTele   +   (no boots)
Stlth    ..........             (no amulet)
HPRegen  0.06/turn              (no ring)
MPRegen  0.08/turn              (no ring)

@: very slow
A: negative energy resistance 1, electricity resistance, unbreathing,
petrification resistance, rot immunity, AC +2
a: Bend Time, Temporal Distortion, Renounce Religion


You were in the Dungeon.
You worshipped Cheibriados.
Cheibriados was most pleased with you.
You were not hungry.

You visited 1 branch

Inventory:

Hand Weapons
 a - a +0 war axe
 q - a +2 hand axe (weapon)
Missiles
 p - 10 stones (quivered)
Armour
 b - a +0 scale mail (worn)
 c - a +0 shield (worn)
Scrolls
 k - a scroll of blinking
 m - 3 scrolls of remove curse
 n - 5 scrolls of amnesia
 o - a scroll of summoning
Potions
 d - a potion of might
 h - a potion of haste
 i - 4 potions of magic
 j - 3 potions of berserk rage
 l - 2 potions of invisibility
Comestibles
 f - 9 rations


   Skills:
 + Level 4.4 Fighting
 + Level 2.9 Axes
 + Level 4.4 Armour
 + Level 4.5 Shields
 + Level 0.3 Invocations


You had one spell level left.
You didn't know any spells.
Your spell library was empty.

Dungeon Overview and Level Annotations

Branches:
Dungeon (1/1)

Altars:
Ashenzari
Cheibriados
Dithmenos
Elyvilon
Fedhas
Gozag
Hepliaklqana
Kikubaaqudgha
Makhleb
Nemelex Xobeh
Okawaru
Qazlal
Ru
Sif Muna
Trog
Uskayaw
Vehumet
Wu Jian
Xom
Yredelemnul
Zin
The Shining One
Beogh
Jiyva
Lugonu

Annotations:
D Blork the orc


Innate Abilities, Weirdness & Mutations

You are resistant to torment.
Your stone body is resilient. (AC +2)
You are immune to poison.
You resist negative energy. (rN+)
You are resistant to electric shocks. (rElec)
You can survive without breathing.
You are immune to petrification.
You are immune to rotting.


Message History

Blork the orc hits you but does no damage.
Blork the orc screams, "I'll break your arms!"
Blork the orc hits you with a cursed +0 glaive.
You hit Blork the orc but do no damage.
Blork the orc is heavily wounded.
You block Blork the orc's attack.
You closely miss Blork the orc.
Blork the orc is heavily wounded.
Blork the orc hits you with a cursed +0 glaive!
Ouch! That really hurt!
* * * LOW HITPOINT WARNING * * *
You block Blork the orc's attack.
You hit Blork the orc.
Blork the orc is severely wounded.
Blork the orc barely misses you.
You barely miss Blork the orc.
Blork the orc is severely wounded.
You block Blork the orc's attack.
Blork the orc hits you with a cursed +0 glaive!
You die...

##########'##.........
#.?|.')))'.##......#..
##########.##.........
#...........'.........
#+#####'#####......#..
#..#.)#).##.........
#..÷..'..#####'#####
##'####+###.......#
#..@.....##.......#
#...o....##.......#
#####+#####...<...#
#.......# #.......#
#.......# #########


You could see Blork the orc.

Vanquished Creatures
  A gnoll (D)
  An adder zombie (D)
  An orc (D)
  A giant cockroach (D)
  2 hobgoblins (D)
  A quokka (D)
  A frilled lizard (D)
  A kobold (D)
9 creatures vanquished.

Notes
Turn   | Place    | Note
-------+----------+-------------------------------------------
     0 | D        | Groucho the Gargoyle Fighter began the quest for the Orb.
     0 | D        | Reached XP level 1. HP: 14/14 MP: 1/1
    40 | D        | Found a bloodstained altar of Trog.
    40 | D        | Found a shimmering blue altar of Sif Muna.
    40 | D        | Found a viscous altar of Jiyva.
    40 | D        | Found a hazy altar of Hepliaklqana.
    40 | D        | Found an opulent altar of Gozag.
    41 | D        | Found a glowing golden altar of the Shining One.
    41 | D        | Found a glowing silver altar of Zin.
    41 | D        | Found a basalt altar of Yredelemnul.
    41 | D        | Found a shimmering altar of Xom.
    41 | D        | Found an ornate altar of the Wu Jian Council.
    41 | D        | Found a sacrificial altar of Ru.
    41 | D        | Found a stormy altar of Qazlal.
    41 | D        | Found an iron altar of Okawaru.
    41 | D        | Found a sparkling altar of Nemelex Xobeh.
    41 | D        | Found a burning altar of Makhleb.
    41 | D        | Found a blossoming altar of Fedhas.
    41 | D        | Found a white marble altar of Elyvilon.
    41 | D        | Found a shadowy altar of Dithmenos.
    41 | D        | Found a snail-covered altar of Cheibriados.
    43 | D        | Found a radiant altar of Vehumet.
    43 | D        | Found a corrupted altar of Lugonu.
    43 | D        | Found a roughly hewn altar of Beogh.
    44 | D        | Found a hide-covered altar of Uskayaw.
    44 | D        | Found an ancient bone altar of Kikubaaqudgha.
    44 | D        | Found a shattered altar of Ashenzari.
    54 | D        | Became a worshipper of Cheibriados the Contemplative
    95 | D        | Reached * piety under Cheibriados
    95 | D        | Reached XP level 2. HP: 15/20 MP: 2/2
   108 | D        | Reached ** piety under Cheibriados
   380 | D        | Noticed Blork the orc
   383 | D        | Reached *** piety under Cheibriados
   395 | D        | Mangled by Blork the orc

Levels and vault maps discovered:
D:        pitsprint [storerooms_1, entrance_room_1, metal_vault_1, armoury_1,
          mini_pit_1, grid_room_1, main_hall_1, silver_pit, the_coven_1,
          the_vestibule_1, steel_vault_5, golden_pit, hallway_of_sentries,
          crystal_vault_5, iron_vault_2, final_vault]

Skill      XL: |  1 |
---------------+----+-----
Axes           | 2 |  2.9
Fighting       | 4 |  4.4
Armour         | 4 |  4.4
Shields        | 4 |  4.5
Invocations    | |  0.3

Action                   || total
-------------------------++-------
Melee: Hand axe          ||    34
       War axe           ||     3
  Use: Potion            ||     2
Armor: Scale mail        ||    19
Dodge: Dodged            ||    13
Block: Shield            ||    18
